 Dungeon Crawl Stone Soup version 0.27-a0-679-g77a6b55cf3 (webtiles) character file.

Game seed: 10109358031791949977

7959 Lanoc the Carver (level 11, -13/64 (68) HPs)
             Began as a Tengu Berserker on Mar 18, 2021.
             Was an Elder of Trog.
             Killed from afar by an orc sorcerer (29 damage)
             ... with a bolt of negative energy
             ... led by an orc knight
             ... on level 1 of the Orcish Mines.
             The game lasted 00:09:52 (7708 turns).

Lanoc the Carver (Tengu Berserker)                  Turns: 7708, Time: 00:09:52

HP:   -13/64 (68)   AC: 16    Str: 18    XL:     11   Next: 23%
MP:   0/12          EV: 13    Int:  8    God:    Trog [****..]
Gold: 546           SH:  5    Dex: 16    Spells: 10/10 levels left

rFire    + . .     SeeInvis .   w - +2 long sword
rCold    . . .     Faith    .   A - +0 buckler
rNeg     . . .     Spirit   +   e - +1 chain mail {rF+}
rPois    .         Reflect  .   (helmet restricted)
rElec    .         Harm     .   (no cloak)
rCorr    .         Rampage  .   (no gloves)
Will     .....                  (boots unavailable)
Stlth    ..........             D - amulet of guardian spirit
HPRegen  0.20/turn              k - +4 ring of slaying
MPRegen  0.13/turn              v - +4 ring of protection

@: about to teleport, berserk cooldown, flying quickly and evasively, slowed,
drained, very slow
A: beak, talons 3, able to fly
a: Stop Flying, Renounce Religion, Berserk, Trog's Hand, Brothers in Arms


You were on level 1 of the Orcish Mines.
You worshipped Trog.
Trog was greatly pleased with you.
You visited 3 branches of the dungeon, and saw 13 of its levels.

You collected 546 gold pieces.

Inventory:

Hand Weapons
 w - a +2 long sword (weapon)
 C - a +2 triple sword of freezing
Armour
 e - a +1 chain mail of fire resistance (worn)
 A - a +0 buckler (worn)
Jewellery
 k - a +4 ring of slaying (right hand)
 v - a +4 ring of protection (left hand)
 D - an amulet of guardian spirit (around neck)
Wands
 i - a wand of iceblast (13)
 u - a wand of random effects (15)
 y - a wand of polymorph (11)
 B - a wand of acid (8)
Scrolls
 a - a scroll of fog
 g - 2 scrolls of immolation
 h - a scroll of enchant weapon {unknown}
 l - 2 scrolls of teleportation
 o - 3 scrolls of magic mapping {unknown}
 q - 4 scrolls of holy word {unknown}
 r - a scroll of blinking {unknown}
 s - a scroll of random uselessness {unknown}
 x - 2 scrolls of noise {unknown}
 z - a scroll of fear {unknown}
Potions
 c - a potion of attraction
 f - 5 potions of curing {unknown}
 j - 2 potions of might
 m - 3 potions of resistance
 p - 2 potions of heal wounds
 t - 2 potions of haste


   Skills:
 + Level 8.1 Fighting
 * Level 11.8 Long Blades
 + Level 8.3 Armour
 + Level 8.4 Dodging
 - Level 4.0 Shields


You had 10 spell levels left.
You didn't know any spells.
Your spell library was empty.

Dungeon Overview and Level Annotations

Branches:
Dungeon (11/15)            Temple (1/1) D:5            Lair (0/6) D:9
    Orc (1/2) D:11

Altars:
Dithmenos
Elyvilon
Fedhas
Kikubaaqudgha
Nemelex Xobeh
Okawaru
Ru
Sif Muna
Trog
Uskayaw
Vehumet
Wu Jian
Xom
The Shining One


Innate Abilities, Weirdness & Mutations

You have a beak for a mouth.
You have claws for feet.
You can fly continuously.


Message History

Your ogre goes berserk!
The warg bites you but does no damage. The orc barely misses you.
The warg bites you but does no damage. The orc knight barely misses you.
The warg bites you but does no damage.
The orc knight hits you from afar with a +3 vorpal bardiche!
The orc sorcerer gestures at you while chanting.
You suddenly lose the ability to move!
Your ogre hits the warg with a +0 giant club!!
Trog accepts your kill.
The warg explodes!
The fiery explosion engulfs the orc!
Trog accepts your kill.
The fiery explosion engulfs the orc knight!!!
The orc knight is severely wounded.
The fiery explosion engulfs you. You resist.
The fiery explosion engulfs your ogre!!!
Your ogre is almost dead.
Your ogre disappears in a puff of smoke!
The orc explodes!
The fiery explosion engulfs the ogre!!
The ogre is severely wounded.
The fiery explosion engulfs you!! You resist.
The orc knight hits you but does no damage.
You hear a shout! x3
You can move again.
Found 19 gold pieces.
As you read the scroll labelled ZYTAOBLENEJ, it crumbles to dust.
It is a scroll of amnesia.
You feel forgetful for a moment. You block the orc knight's attack.
The orc sorcerer misses you. The ogre hits you with a +0 giant club!
* * * LOW HITPOINT WARNING * * *
The orc knight hits you but does no damage.
As you read the scroll labelled LEADUG MEL UPT, it crumbles to dust.
You feel strangely unstable.
It was a scroll of teleportation.
The orc sorcerer hits you with a +0 dagger.
* * * LOW HITPOINT WARNING * * *
The ogre misses you. You block the orc knight's attack.
The orc sorcerer points at you and mumbles some strange words.
The bolt of negative energy hits you!!
You feel drained.
You die...

### #.# ...
####.## ##.#...#
#...§.§ #.§§§###
#§§O@§.#
#§§o...#..
#§§o§..$...
#§§§.§§......
O.O.§..§.......
......§§§#.>.....
.........##.....$
......o..# ......
..#....o.. >...


You could see an orc knight, an orc sorcerer (strong) and an ogre.

Vanquished Creatures
  A two-headed ogre (D:10)
  The ghost of Anon1729 the Zephyrmancer, a novice DgAE (D:9)
  Pikel (D:6)
  A gargoyle (D:11)
  A troll (D:11)
  6 yaks
  Menkaure (D:5)
  A warg (D:11)
  3 orc warriors
  A sky beast (D:10)
  2 ice beasts
  3 black bears
  8 ogres
  2 centaurs
  A lemure (D:6)
  2 phantoms
  2 gnoll sergeants (D:8)
  10 bullfrogs
  A water moccasin zombie (D:9)
  4 scorpions
  10 killer bees
  12 wights
  A jelly (D:5)
  A quasit (D:10)
  A bullfrog skeleton (D:4)
  2 bullfrog zombies
  A hound (D:8)
  2 orc priests (D:7)
  A centaur skeleton (D:8)
  An iguana (D:10)
  Terence (D:3)
  10 orc wizards
  3 worker ants
  2 hound skeletons
  A worker ant zombie (D:10)
  14 gnolls
  4 adders
  A shadow imp (D:6)
  2 white imps (D:5)
  An ufetubus (D:5)
  An ooze (D:4)
  2 adder skeletons
  4 leopard geckos
  29 orcs
  A ball python (D:3)
  2 giant cockroaches
  2 goblins (D:3)
  3 hobgoblins (D:3)
  2 jackals (D:3)
  3 frilled lizards
  5 kobolds
  A leopard gecko skeleton (D:4)
  2 rats
180 creatures vanquished.

Vanquished Creatures (collateral kills)
  A warg (Orc:1)
1 creature vanquished.

Vanquished Creatures (others)
  7 fungi (D:9)
  16 plants
23 creatures vanquished.

Grand Total: 204 creatures vanquished

Notes
Turn   | Place    | Note
-------+----------+-------------------------------------------
     0 | D:1      | Lanoc the Tengu Berserker began the quest for the Orb.
     0 | D:1      | Reached XP level 1. HP: 14/14 MP: 2/2
   311 | D:2      | Found a shimmering blue altar of Sif Muna.
   312 | D:2      | Found an ancient bone altar of Kikubaaqudgha.
   312 | D:2      | Found a radiant altar of Vehumet.
   421 | D:3      | Reached XP level 2. HP: 3/19 MP: 3/3
   674 | D:3      | Noticed Terence
   682 | D:3      | Killed Terence
   683 | D:3      | Reached skill level 4 in Long Blades
   683 | D:3      | Reached XP level 3. HP: 12/23 MP: 4/4
  1337 | D:3      | Reached XP level 4. HP: 28/28 MP: 5/5
  1397 | D:3      | Found a bloodstained altar of Trog.
  1519 | D:4      | Gained mutation: You can fly continuously. [Tengu growth]
  1519 | D:4      | Reached XP level 5. HP: 33/33 MP: 6/6
  1611 | D:4      | Reached skill level 5 in Long Blades
  1619 | D:4      | Reached ** piety under Trog
  1620 | D:4      | Reached XP level 6. HP: 38/38 MP: 7/7
  1873 | D:4      | Found a hide-covered altar of Uskayaw.
  1899 | D:4      | Found a blossoming altar of Fedhas.
  2036 | D:5      | Entered Level 5 of the Dungeon
  2037 | D:5      | Found a glowing golden altar of the Shining One.
  2042 | D:5      | Found an iron altar of Okawaru.
  2231 | D:5      | Found a staircase to the Ecumenical Temple.
  2264 | Temple   | Entered the Ecumenical Temple
  2365 | D:5      | Noticed Menkaure
  2370 | D:5      | Killed Menkaure
  2371 | D:5      | Reached skill level 6 in Long Blades
  2371 | D:5      | Reached XP level 7. HP: 44/44 MP: 8/8
  2761 | D:5      | Found a white marble altar of Elyvilon.
  2765 | D:5      | Found a shadowy altar of Dithmenos.
  3498 | D:6      | Reached skill level 5 in Fighting
  3498 | D:6      | Reached skill level 7 in Long Blades
  3498 | D:6      | Reached XP level 8. HP: 42/49 MP: 9/9
  3724 | D:6      | Reached skill level 5 in Dodging
  3743 | D:6      | Noticed Pikel
  3753 | D:6      | Killed Pikel
  3754 | D:6      | Reached skill level 8 in Long Blades
  3754 | D:6      | Reached skill level 5 in Armour
  4163 | D:7      | Reached XP level 9. HP: 53/55 MP: 10/10
  4571 | D:7      | Reached skill level 9 in Long Blades
  4891 | D:8      | Reached *** piety under Trog
  5633 | D:9      | Reached skill level 1 in Shields
  5639 | D:9      | Reached skill level 10 in Long Blades
  5643 | D:9      | Reached XP level 10. HP: 57/61 MP: 11/11
  5664 | D:9      | Found a large runed translucent door.
  5665 | D:9      | Found a large runed translucent door.
  5668 | D:9      | Noticed Anon1729's ghost (novice DgAE)
  5879 | D:9      | Found a sacrificial altar of Ru.
  6141 | D:9      | Reached **** piety under Trog
  6570 | D:9      | Found a staircase to the Lair.
  6787 | D:9      | Killed Anon1729's ghost
  6859 | D:10     | Entered Level 10 of the Dungeon
  6873 | D:10     | Noticed a two-headed ogre
  6879 | D:10     | Killed a two-headed ogre
  6920 | D:10     | Reached skill level 11 in Long Blades
  7251 | D:10     | Found a shimmering altar of Xom.
  7484 | D:11     | Reached XP level 11. HP: 65/68 MP: 10/12
  7671 | D:11     | Found a staircase to the Orcish Mines.
  7694 | D:11     | Noticed a four-headed hydra
  7699 | Orc:1    | Entered Level 1 of the Orcish Mines
  7699 | Orc:1    | Noticed an orc knight
  7699 | Orc:1    | Noticed an orc sorcerer
  7704 | Orc:1    | Paralysed by an orc sorcerer for 2 turns
  7708 | Orc:1    | Killed from afar by an orc sorcerer

Illustrated notes

Levels and vault maps discovered:
D:1:      dpeg_arrival_three_same_balls, layout_basic
D:2:      layout_loops_ring, grunt_temple_overflow_magic_moments
D:3:      layout_basic, lightli_temple_of_fire, serial_bayou_crossing,
          uniq_terence
D:4:      layout_rooms, minitemple, minmay_misc_feat_five, st_stairs_2,
          minmay_tree_intersection
D:5:      layout_cave_pods, grunt_temple_overflow_open,
          minmay_temple_entry_trees, uniq_menkaure
D:6:      layout_rooms, minmay_misc_feat_diagonals, uniq_pikel
D:7:      layout_loops_ring
D:8:      layout_loops_ring, nicolae_overflow_hidden_temple
D:9:      layout_irregular_city, nicolae_ru_sacrificial_ziggurat,
          grunt_lair_entry_orc_guard_hut, ebering_ghost_disaster_area
D:10:     layout_basic, basic_altar
D:11:     layout_loops_ring, david_orc_3, hangedman_decor_points, worms_lemuel,
          uniq_snorg
Temple:   dpeg_chambers_temple
Orc:1:    layout_diamond_mine, serial_shops, nicolae_shop_behind_doors

Skill      XL: |  1  2  3  4  5  6  7  8  9 10 11 |
---------------+----------------------------------+-----
Long Blades    | 4 5 6 7 8 10 11 | 11.8
Dodging        | 3 4 5 7 8 |  8.4
Armour         | 3 4 5 6 7 8 |  8.3
Fighting       | 4 5 6 7 8 |  8.1
Shields        | 1 3 4 |  4.0

Action                   |  1- 3 |  4- 6 |  7- 9 | 10-12 || total
-------------------------+-------+-------+-------+-------++-------
Melee: Falchion          |    48 |    55 |     1 |       ||   104
       Kick              |    12 |    13 |    52 |    44 ||   121
       Peck              |     7 |     6 |    32 |    35 ||    80
       Long sword        |       |       |   132 |   142 ||   274
Invok: Berserk           |     3 |     4 |    10 |     7 ||    24
       Brothers in Arms  |       |       |       |     1 ||     1
 Abil: Fly               |       |     1 |       |       ||     1
  Use: Potion            |       |     1 |       |       ||     1
       Scroll            |       |       |       |     9 ||     9
 Stab: Sleeping          |     1 |       |       |       ||     1
Armor: Chain mail        |    14 |    29 |    61 |    44 ||   148
Dodge: Dodged            |    16 |    24 |    63 |    63 ||   166
Block: Buckler           |       |       |     3 |    22 ||    25
       Rpst.: Falchion   |     3 |     5 |       |       ||     8
       Long sword        |       |       |    17 |    13 ||    30

Table legend: (Time is in decaauts)
 A = Elapsed time spent in this place.
 B = Non-inter-level travel time spent in this place.
 C = Inter-level travel time spent in this place.
 D = Time resting spent in this place.
 E = Time spent auto-exploring this place.
 F = Levels seen in this place.
 G = Mean time per level.
                   A        B        C        D        E       F      G
               +--------+--------+--------+--------+--------+-----+--------+
         Total |   7538 |   7318 |    220 |     97 |   6268 |  13 |  579.8 |
       Dungeon |   7522 |   7302 |    220 |     97 |   6268 |  11 |  683.8 |
        Temple |      4 |      4 |      0 |      0 |      0 |   1 |    4.0 |
  Orcish Mines |     12 |     12 |      0 |      0 |      0 |   1 |   12.0 |
               +--------+--------+--------+--------+--------+-----+--------+

Top non-repeatable levels by time:
     D:5: 1242 daAuts
     D:9: 1216 daAuts
     D:3: 1066 daAuts
     D:7: 817 daAuts
     D:6: 699 daAuts
     D:8: 680 daAuts
     D:4: 578 daAuts
    D:10: 565 daAuts
     D:2: 345 daAuts
    D:11: 224 daAuts
     D:1: 85 daAuts
   Orc:1: 12 daAuts
  Temple: 4 daAuts
